 Dungeon Crawl Stone Soup version 0.29-a0-284-gf9362112df (webtiles) character file.

Game seed: 6748208766246203071

1155 spaghetti the Basher (level 8, 0/78 HPs)
             Began as an Ogre Fighter on Mar 20, 2022.
             Was an Initiate of Yredelemnul.
             Succumbed to an adder's poison
             ... on level 6 of the Dungeon.
             The game lasted 00:09:04 (5893 turns).

spaghetti the Basher (Ogre Fighter)                 Turns: 5893, Time: 00:09:05

Health: 0/78       AC:  6    Str: 23    XL:     8   Next: 39%
Magic:  6/8        EV:  8    Int:  9    God:    Yredelemnul [......]
Gold:   276        SH:  7    Dex:  8    Spells: 7/7 levels left

rFire   . . .      SeeInvis .   a - +0 flail {mace}
rCold   + . .      Faith    .   c - +0 kite shield
rNeg    . . .      Spirit   .   b - +0 robe
rPois   .          Reflect  .   (helmet restricted)
rElec   +          Harm     .   k - +2 cloak
rCorr   .          Rampage  .   (gloves unavailable)
Will    .....      Clarity  +   (boots unavailable)
Stlth   +.........              (no amulet)
HPRegen 0.23/turn               (no ring)
MPRegen 0.11/turn               (no ring)

@: lethally poisoned (0 -> -1)
A: large, unfitting armour, tough skin 1, clarity, cold resistance 1, passive
freeze, electricity resistance
a: Renounce Religion, Recall Undead Harvest


You were on level 6 of the Dungeon.
You worshipped Yredelemnul.
Yredelemnul was noncommittal.
You visited 1 branch of the dungeon, and saw 7 of its levels.

You collected 276 gold pieces.


Innate Abilities, Weirdness & Mutations

You are too large for most types of armour.
You have tough skin. (AC +1)
You possess an exceptional clarity of mind.
Your flesh is cold resistant. (rC+)
A frigid envelope surrounds you and freezes all who hurt you.
You are resistant to electric shocks. (rElec)


   Skills:
 - Level 4.0 Fighting
 + Level 9.1 Maces & Flails
 - Level 2.6 Dodging
 - Level 2.6 Shields


You had 7 spell levels left.
You didn't know any spells.
Your spell library was empty.

Inventory:

Hand Weapons
 a - a +0 flail (weapon) {mace}
Missiles
 e - 219 stones (quivered) {throwing}
 l - 11 poisoned darts {throwing}
Armour
 b - a +0 robe (worn)
 c - a +0 kite shield (worn)
 k - a +2 cloak (worn)
   (You found it on level 1 of the Dungeon)
Wands
 r - a wand of digging (2)
   (You found it on level 4 of the Dungeon)
Scrolls
 i - a scroll of immolation {!r!r}
 m - 2 scrolls of vulnerability {!r!r}
Potions
 f - a potion of cancellation
 j - 2 potions of magic

Dungeon Overview and Level Annotations

Branches:
Dungeon (7/15)             Temple (0/1) D:4

Altars:
Dithmenos
Elyvilon
Gozag
Makhleb
Trog
Vehumet
Yredelemnul
Zin

Annotations:
D:5 Eustachio

?#z.........#
#..........#
#.)........#
#..........# ###
.#..........# ...
l...........# ...
........)...# ...
.##.........######
... #
#............l@#
...
.=........######
... #.........#
... ###########
... ... ... ...
###


You could see an iguana.


Message History

* * * LOW HITPOINT WARNING * * *
The orc is very cold.
You kill the orc!
A black mist starts to gather...
The orc barely misses you.
The phantom hits you but does no damage.
The phantom resists.
The phantom is very cold. 😱 HP[-7]
You take 7 damage, and now have 10/78 hp.
You hit the orc but do no damage. The orc hits you with a +0 club.
* * * LOW HITPOINT WARNING * * *
The orc is very cold.
The phantom hits you but does no damage.
The phantom completely resists. 😱 HP[-3]
You take 3 damage, and now have 7/78 hp.
Okay, then.
You feel better. The orc closely misses you. The phantom hits you.
* * * LOW HITPOINT WARNING * * *
The phantom resists.
The phantom is very cold.
The phantom blinks!
You blink. 😱 HP[+3]
You regained 3 hp, and now have 10/78 hp.
Okay, then.
Okay, then.
As you read the scroll of teleportation {@r4}, it crumbles to dust.
You feel strangely unstable. The phantom hits you.
* * * LOW HITPOINT WARNING * * *
The phantom resists.
The phantom is very cold.
The phantom blinks!
You blink. 😱 HP[-5]
You take 5 damage, and now have 5/78 hp.
The iguana hisses angrily.
The adder hisses angrily.
Your surroundings suddenly seem different.
The adder hisses angrily.
Okay, then.
Okay, then.
Aiming: Dig
Press: ? - help, Shift-Dir - straight line The rock shatters into small pieces.
The iguana hisses angrily. 😱 HP[+1] 😱 HP[+1]
The adder attacks as you move away! The adder barely misses you.
The adder attacks as you move away! The adder closely misses you.
The adder barely misses you.
Okay, then.
Okay, then.
You don't know any spells.
Your library has no spells.
Unknown command.
You don't know any spells.
Okay, then.
Okay, then.
You closely miss the adder. The adder bites you.
* * * LOW HITPOINT WARNING * * *
The adder is very cold.
The adder seems to slow down.
Okay, then.
Nothing appears to have answered your call.
The adder barely misses you. 😱 MP[-2]
You lost 2 mp, and now have 6/8 mp.
You barely miss the adder. The adder bites you.
* * * LOW HITPOINT WARNING * * *
You are lethally poisoned!
The adder poisons you!
The adder is very cold. 😱 HP[-1]
You take 1 damage, and now have 6/78 hp.
You closely miss the adder.
* * * LOW HITPOINT WARNING * * *
You feel sick. The adder bites you.
* * * LOW HITPOINT WARNING * * *
The adder is very cold.
You kill the adder!
A black mist starts to gather...
The iguana bites your adder zombie! 😱 HP[-3]
You take 3 damage, and now have 3/78 hp.
You are lethally poisoned (3 -> -1).
Your movement speed is average.
Your attack delay is about 1.0 (and is slowed by your shield).
Unknown command.
* * * LOW HITPOINT WARNING * * *
You feel sick.
Your adder zombie closely misses the iguana.
The iguana closely misses your adder zombie.
* * * LOW HITPOINT WARNING * * *
You feel sick.
Your adder zombie closely misses the iguana.
The iguana bites your adder zombie!
Your adder zombie is destroyed! 😱 HP[-1]
You take 1 damage, and now have 2/78 hp.
* * * LOW HITPOINT WARNING * * *
You feel sick. 😱 HP[-1]
You take 1 damage, and now have 1/78 hp.
Unknown command.
You hit the iguana.
You die...
Your body rises from the dead as a mindless zombie.

Skill      XL: |  1  2  3  4  5  6  7  8 |
---------------+-------------------------+-----
Maces & Flails | 2 3 4 5 6 8 9 |  9.1
Fighting       | |  4.0
Dodging        | |  2.6
Shields        | |  2.6

Action                   |  1- 3 |  4- 6 |  7- 9 || total
-------------------------+-------+-------+-------++-------
Melee: Flail             |    63 |   144 |    60 ||   267
Throw: Stone             |    34 |    58 |     7 ||    99
Invok: Recall Undead Har |       |       |     1 ||     1
Evoke: Wand              |       |       |     1 ||     1
  Use: Scroll            |     4 |     4 |     3 ||    11
       Potion            |     2 |     5 |     2 ||     9
Armor: Robe              |    49 |    52 |    17 ||   118
       Skin              |       |    17 |       ||    17
Dodge: Dodged            |    43 |    52 |    40 ||   135
Block: Kite shield       |    44 |    76 |    24 ||   144

Levels and vault maps discovered:
D:1:      dpeg_arrival_three_same_balls, layout_basic,
          chequers_ecumenical_altar_lobes, minmay_split_cup_small
D:2:      layout_basic, serial_corexii_hall, corexii_hall_statues_s,
          corexii_hall_statues_i, chequers_hall_statues_wall_a,
          chequers_hall_statues_wall_a, minmay_surrounded
D:3:      layout_basic, nicolae_elyvilon_temple_path, grunt_gozag_statues,
          mainiacjoe_overflow_concentric_impassable,
          nicolae_overflow_ecumenical_swirl
D:4:      layout_layer_cave, grunt_temple_overflow_open,
          makhleb_altar_promises_db, temple_statues
D:5:      layout_basic, nicolae_overflow_hidden_temple,
          minmay_fractal_squares_gapless_5, uniq_eustachio, uniq_sigmund,
          uniq_grinder, uniq_menkaure
D:6:      layout_basic, portal_sewer_entry_e, minmay_circle_x, uniq_edmund,
          uniq_maggie
D:7:      layout_rooms, tgw_kikubaaqudgha, nicolae_overflow_squiral

Notes
Turn   | Place    | Note
-------+----------+-------------------------------------------
     0 | D:1      | spaghetti the Ogre Fighter began the quest for the Orb.
     0 | D:1      | Reached XP level 1. HP: 24/24 MP: 1/1
     0 | D:1      | magus.rc [v1.9.6]
   137 | D:1      | Reached skill level 2 in Maces & Flails
   551 | D:1      | Found a faded altar of an unknown god.
   601 | D:1      | Reached XP level 2. HP: 32/32 MP: 2/2
   741 | D:1      | Prayed at the altar of an unknown god.
   741 | D:1      | Became a worshipper of Yredelemnul the Dark
   741 | D:1      | Reached * piety under Yredelemnul
  1214 | D:2      | Reached skill level 3 in Maces & Flails
  1214 | D:2      | Reached XP level 3. HP: 36/39 MP: 3/3
  1402 | D:2      | Reached ** piety under Yredelemnul
  1404 | D:2      | Reached XP level 4. HP: 13/48 MP: 4/4
  1409 | D:2      | Reached skill level 4 in Maces & Flails
  2342 | D:3      | Found a radiant altar of Vehumet.
  2765 | D:3      | Found an opulent altar of Gozag.
  2906 | D:3      | Found a faded altar of an unknown god.
  2909 | D:3      | Found a bloodstained altar of Trog.
  2924 | D:3      | Reached XP level 5. HP: 54/54 MP: 5/5
  3079 | D:3      | Found a white marble altar of Elyvilon.
  3413 | D:4      | Found a shadowy altar of Dithmenos.
  3414 | D:4      | Found a glowing silver altar of Zin.
  3501 | D:4      | Noticed an ice beast
  3506 | D:4      | Reached skill level 5 in Maces & Flails
  3512 | D:4      | Killed an ice beast
  3513 | D:4      | Reached XP level 6. HP: 36/62 MP: 6/6
  3644 | D:4      | Found a staircase to the Ecumenical Temple.
  3892 | D:4      | Reached skill level 6 in Maces & Flails
  4455 | D:4      | Found a burning altar of Makhleb.
  4455 | D:4      | Noticed a balrug
  4458 | D:4      | Noticed a ynoxinul
  4458 | D:4      | Noticed an orange demon
  4741 | D:5      | Entered Level 5 of the Dungeon
  4785 | D:5      | Noticed Menkaure
  4788 | D:5      | Gained mutation: Your flesh is cold resistant. (rC+)
                  | [potion of mutation]
  4788 | D:5      | Gained mutation: You possess an exceptional clarity of
                  | mind. [potion of mutation]
  4788 | D:5      | Gained mutation: You have hidden genetic potential. [potion
                  | of mutation]
  4797 | D:5      | Reached XP level 7. HP: 46/70 MP: 7/7
  4799 | D:5      | Killed Menkaure
  4800 | D:5      | Reached skill level 7 in Maces & Flails
  4820 | D:5      | Gained mutation: A frigid envelope surrounds you and
                  | freezes all who hurt you. [hidden potential]
  4928 | D:5      | Noticed Grinder
  4938 | D:5      | HP: 15/70 [Grinder (5)]
  4977 | D:5      | HP: 16/70 [Grinder (5)]
  4978 | D:5      | HP: 7/70 [Grinder (3)]
  5293 | D:5      | Paralysed by Grinder for 7 turns
  5314 | D:5      | Killed Grinder
  5315 | D:5      | Reached skill level 8 in Maces & Flails
  5315 | D:5      | Reached XP level 8. HP: 42/78 MP: 8/8
  5546 | D:5      | Noticed Eustachio
  5664 | D:6      | Gained mutation: You are resistant to electric shocks.
                  | (rElec) [hidden potential]
  5664 | D:6      | Lost mutation: You have hidden genetic potential. [hidden
                  | potential expressed]
  5816 | D:6      | Reached skill level 9 in Maces & Flails
  5861 | D:6      | HP: 16/78 [ice beast (6)]
  5871 | D:6      | HP: 17/78 [orc/+0 club (1)]
  5873 | D:6      | HP: 7/78 [orc/+0 club (4)]
  5886 | D:6      | HP: 7/78 [adder (1)]
  5889 | D:6      | HP: 3/78 [adder (1)]
  5892 | D:6      | HP: 1/78 [poisoned by an adder]
  5893 | D:6      | Succumbed to an adder's poison

Vanquished Creatures
  Grinder (D:5)
  4 scorpions
  A howler monkey (D:5)
  2 hounds
  2 jellies
  An iguana (D:4)
  A gnoll shaman (D:6)
  An orc wizard (D:6)
  5 gnolls
  5 adders
  A white imp (D:5)
  2 ufetubi (D:5)
  3 dart slugs
  12 orcs
  2 bats (D:3)
  2 endoplasms
  2 giant cockroaches (D:4)
  2 goblins (D:2)
  3 hobgoblins
  8 jackals
  A quokka (D:1)
  8 ball pythons
  3 frilled lizards
  6 kobolds
  3 rats (D:1)
81 creatures vanquished.

Vanquished Creatures (collateral kills)
  Menkaure (D:5)
  An ice beast (D:4)
  A hound (D:4)
  3 gnolls
  An adder (D:6)
  An orc (D:5)
  3 endoplasms (D:3)
  A goblin (D:4)
  A hobgoblin (D:4)
  2 ball pythons
  A rat (D:2)
16 creatures vanquished.

Vanquished Creatures (others)
  A scorpion zombie (D:6)
  A hound zombie (D:5)
  2 spectral jellies
  2 adder zombies
  A jackal zombie (D:4)
  2 orc zombies (D:6)
  2 spectral ufetubi (D:5)
  3 plants
14 creatures vanquished.

Grand Total: 111 creatures vanquished

Table legend:
 A = Non-vault XP
 B = Vault XP
 C = Vault XP percentage of total XP
 D = Non-vault monster count
 E = Vault monster count
 F = Vault count percentage of total count
                 A         B        C        D         E       F
            +---------+---------+-------+---------+---------+-------
      Total |    1160 |     490 |  29.7 |      90 |       7 |   7.2
            +---------+---------+-------+---------+---------+-------
        D:1 |      11 |       4 |  26.7 |       8 |       3 |  27.3
        D:2 |      90 |       4 |   4.3 |      18 |       1 |   5.3
        D:3 |      57 |       0 |   0.0 |      22 |       0 |   0.0
        D:4 |     322 |       0 |   0.0 |      16 |       0 |   0.0
        D:5 |     328 |     469 |  58.8 |       9 |       2 |  18.2
        D:6 |     352 |      13 |   3.6 |      17 |       1 |   5.6
            +---------+---------+-------+---------+---------+-------

Illustrated notes

Table legend:
 A = Kills in this place as a percentage of kills in entire the game.
 B = Kills by you in this place as a percentage of kills by you in the entire game.
 C = Kills by friends in this place as a percentage of kills by friends in the entire game.
 D = Other kills in this place as a percentage of other kills in the entire game.
 E = Experience gained in this place as a percentage of experience gained in the entire game.
 F = Experience gained in this place divided by the number of levels of this place that you have seen.
                   A       B       C       D       E      F
               +-------+-------+-------+-------+-------+----------------------
         Total | 100.0 | 100.0 | 100.0 |   N/A | 100.0 | 235.7
       Dungeon | 100.0 | 100.0 | 100.0 |   N/A | 100.0 | 235.7
               +-------+-------+-------+-------+-------+----------------------

Table legend: (Time is in decaauts)
 A = Elapsed time spent in this place.
 B = Non-inter-level travel time spent in this place.
 C = Inter-level travel time spent in this place.
 D = Time resting spent in this place.
 E = Time spent auto-exploring this place.
 F = Levels seen in this place.
 G = Mean time per level.
                   A        B        C        D        E       F      G
               +--------+--------+--------+--------+--------+-----+--------+
         Total |   5954 |   5658 |    296 |    895 |   3903 |   7 |  850.6 |
       Dungeon |   5954 |   5658 |    296 |    895 |   3903 |   7 |  850.6 |
               +--------+--------+--------+--------+--------+-----+--------+

Top non-repeatable levels by time:
     D:4: 1943 daAuts
     D:2: 1123 daAuts
     D:1: 1028 daAuts
     D:3: 1020 daAuts
     D:5: 503 daAuts
     D:6: 329 daAuts
     D:7: 4 daAuts
